 Dungeon Crawl Stone Soup version 0.20-a0-427-g8b12978 (webtiles) character file.

73 Kriby the Magician (level 4, -1/30 HPs)
             Began as a Mummy Fire Elementalist on Jan 1, 2017.
             Slain by a gnoll
             ... wielding a +0 flail
              (11 damage)
             ... on level 2 of the Dungeon.
             The game lasted 00:02:22 (1933 turns).

Kriby the Magician (Mummy Fire Elementalist)        Turns: 1933, Time: 00:02:23

Health: -1/30      AC:  2    Str: 11    XL:     4   Next: 8%
Magic:  0/9        EV: 12    Int: 15    God:
Gold:   63         SH:  0    Dex: 12    Spells: 9/10 levels left

rFire  x . .     SeeInvis .     i - +0 mace (curse)
rCold  + . .     Gourm    .     a - +0 robe
rNeg   + + +     Faith    .     (no shield)
rPois  ∞         Spirit   .     (no helmet)
rElec  .         Reflect  .     (no cloak)
rCorr  .         Harm     .     (no gloves)
MR     .....                    (no boots)
Stlth  ++........               (no amulet)
                                (no ring)
                                (no ring)

@: very slightly contaminated
A: no food or potions, fire vulnerability, cold resistance 1, negative energy
resistance 3, torment resistance, unbreathing
a: no special abilities


You were on level 2 of the Dungeon.
You were not hungry.

You visited 1 branch of the dungeon, and saw 2 of its levels.

You collected 63 gold pieces.

Inventory:

Hand Weapons
 i - a cursed +0 mace (weapon)
Armour
 a - a +0 robe (worn)
Jewellery
 d - a +3 ring of strength {unknown}
Scrolls
 c - a scroll of identify {unknown}
 f - a scroll of recharging {unknown}
 g - a scroll of fog {unknown}
 h - a scroll of teleportation {unknown}
Books
 b - a book of Flames

   Spells                             Type                      Level
   a - Flame Tongue                   Conjuration/Fire             1
   b - Throw Flame                    Conjuration/Fire             2
   c - Conjure Flame                  Conjuration/Fire             3
   d - Inner Flame                    Hexes/Fire                   3
   e - Sticky Flame                   Conjuration/Fire             4
   f - Fireball                       Conjuration/Fire             5


   Skills:
 - Level 1.5 Dodging
 - Level 1.5 Stealth
 + Level 3.6 Spellcasting
 * Level 2.2 Conjurations
 + Level 2.9 Fire Magic


You had 9 spell levels left.
You knew the following spells:

 Your Spells              Type           Power        Failure   Level  Hunger
a - Flame Tongue          Conj/Fire      ##...        8%          1    N/A

Dungeon Overview and Level Annotations

Branches:
Dungeon (2/15)

Altars:


Innate Abilities, Weirdness & Mutations

You do not eat or drink.
Your flesh is vulnerable to fire.
You are immune to poison.
Your flesh is cold resistant. (rC+)
You are immune to negative energy. (rN+++)
You are immune to unholy pain and torment.
You can survive without breathing.


Message History

Confirm with . or Enter, or press ? or * to list all spells.
Aiming: Flame Tongue
Press: ? - help, Shift-Dir - straight line, f/p - gnoll
Aim: a gnoll (moderately wounded)
The flame tongue hits the gnoll.
The gnoll appears unharmed.
The gnoll is moderately wounded.
The gnoll hits you but does no damage.
Casting: Flame Tongue
Confirm with . or Enter, or press ? or * to list all spells.
You don't have enough magic to cast that spell.
You hit the gnoll.
The gnoll is severely wounded.
The gnoll hits you.
* * * LOW HITPOINT WARNING * * *
You sock the gnoll!
You kill the gnoll!
You have reached level 4!
The gnoll picks up a sedimented brown potion.
The gnoll hits you with a flail!
You die...

###.#...#<###.#
#.#.g.......#
#.#...#.##### #......!#
#(##.##.# #.......#
#.##.##.#
#########g##.##.#
#......##@##.##.########
#.####.##..............#
#.####.##.......######.##
#!##...)....#...# ##...##
#......##.#...#.# #.....#
#..#.#.##.##%##.# #.....#
#......##.##.##.# #.....#
##.#.#.##.##.##.# ##.[.##
#.....##.<.....# ##.##


You could see a gnoll.

Vanquished Creatures
  2 gnolls (D:2)
  An ooze (D:1)
  A worm (D:2)
  A dart slug (D:1)
  A leopard gecko (D:1)
  3 bats (D:1)
  2 giant cockroaches (D:1)
  6 goblins
  3 hobgoblins
  7 jackals
  8 kobolds
  A quokka (D:2)
  2 frilled lizards
  2 rats (D:1)
40 creatures vanquished.

Notes
Turn   | Place    | Note
-------+----------+-------------------------------------------
     0 | D:1      | Kriby the Mummy Fire Elementalist began the quest for the Orb.
     0 | D:1      | Reached XP level 1. HP: 13/13 MP: 4/4
    79 | D:1      | Reached skill level 3 in Spellcasting
    79 | D:1      | Reached skill level 1 in Conjurations
   157 | D:1      | Reached XP level 2. HP: 19/19 MP: 3/6
   786 | D:1      | Reached XP level 3. HP: 24/24 MP: 3/7
  1933 | D:2      | Reached XP level 4. HP: 9/30 MP: 0/9
  1933 | D:2      | Slain by a gnoll

Vault maps used:
D:1:      lightli_arrival_farm
D:2:      first_bread, serial_bayou_pond_d

Skill      XL: |  1  2  3 |
---------------+----------+-----
Spellcasting   | 3 |  3.6
Conjurations   | 1 2 |  2.2
Dodging        | |  1.5
Stealth        | |  1.5
Fire Magic     | |  2.9

Action                   |  1- 3 |  4- 6 || total
-------------------------+-------+-------++-------
Melee: Unarmed           |     9 |       ||     9
       Dagger            |    17 |       ||    17
       Mace              |     8 |       ||     8
 Cast: Flame Tongue      |    77 |       ||    77
Armor: Robe              |    17 |       ||    17
Dodge: Dodged            |    54 |       ||    54
